 Dungeon Crawl Stone Soup version 0.23.2-33-g5129a83184 (webtiles) character file.

Game seed: 5908913620843875416

720 misha the Cudgeler (level 7, -4/63 HPs)
             Began as a Minotaur Fighter on July 26, 2019.
             Was a Follower of Uskayaw.
             Slain by Prince Ribbit (12 damage)
             ... on level 5 of the Dungeon.
             The game lasted 00:15:16 (4768 turns).

misha the Cudgeler (Minotaur Fighter)               Turns: 4768, Time: 00:15:17

Health: -4/63      AC:  7    Str: 23    XL:     7   Next: 42%
Magic:  6/6        EV:  8    Int:  5    God:    Uskayaw [*.....]
Gold:   166        SH: 10    Dex:  9    Spells: 6/6 levels left

rFire    . . .     SeeInvis .   a - +0 flail
rCold    . . .     Gourm    .   e - +0 shield
rNeg     . . .     Faith    .   b - +0 scale mail
rPois    .         Spirit   .   (helmet restricted)
rElec    .         Reflect  .   (no cloak)
rCorr    .         Harm     .   (no gloves)
MR       .....                  (no boots)
Stlth    ..........             r - amulet of rage
HPRegen  0.20/turn              (no ring)
MPRegen  0.10/turn              (no ring)

@: no status effects
A: retaliatory headbutt, horns 2
a: Stomp, Renounce Religion, Evoke Berserk Rage


You were on level 5 of the Dungeon.
You worshipped Uskayaw.
Uskayaw was noncommittal.
You were hungry.

You visited 1 branch of the dungeon, and saw 5 of its levels.

You collected 166 gold pieces.

Inventory:

Hand Weapons
 a - a +0 flail (weapon)
Missiles
 v - 3 throwing nets (quivered)
Armour
 b - a +0 scale mail (worn)
 e - a +0 shield (worn)
Jewellery
 r - an amulet of rage (around neck)
Scrolls
 i - 3 scrolls of immolation
 j - 2 scrolls of enchant armour
 k - 3 scrolls of fog
 l - 2 scrolls of teleportation {unknown}
 n - a scroll of fear {unknown}
 o - a scroll of magic mapping {unknown}
 p - a scroll of noise {unknown}
 q - a scroll of random uselessness {unknown}
 t - 2 scrolls of remove curse {unknown}
Potions
 c - a potion of cancellation {unknown}
 d - 2 potions of haste
 g - 2 potions of flight
 h - 2 potions of berserk rage
 m - a potion of ambrosia
 s - a potion of invisibility {unknown}
 u - 2 potions of curing {unknown}
Comestibles
 f - 8 rations
 w - a chunk of flesh


   Skills:
 + Level 6.0 Fighting
 + Level 6.9 Maces & Flails
 - Level 3.8 Armour
 - Level 0.2 Dodging
 + Level 6.5 Shields


You had 6 spell levels left.
You didn't know any spells.
Your spell library was empty.

Dungeon Overview and Level Annotations

Branches:
Dungeon (5/15)
 Temple: D:4-7

Altars:
Ashenzari
Cheibriados
Gozag
Kikubaaqudgha
Makhleb
Qazlal
Sif Muna
Uskayaw
Wu Jian
Xom
Yredelemnul

Annotations:
D:5 Prince Ribbit


Innate Abilities, Weirdness & Mutations

You reflexively headbutt those who attack you in melee.
You have a pair of horns on your head.


Message History

You are too injured to fight recklessly!
Prince Ribbit hits you! Prince Ribbit barely misses you.
You block Prince Ribbit's attack.
You can no longer pass through a line of other dancers.
You block Prince Ribbit's attack.
You barely miss Prince Ribbit.
Prince Ribbit is moderately wounded.
Prince Ribbit hits you but does no damage.
You closely miss Prince Ribbit. Your headbutt misses Prince Ribbit.
Prince Ribbit is moderately wounded.
Prince Ribbit closely misses you. Prince Ribbit hits you!
* * * LOW HITPOINT WARNING * * *
You barely miss Prince Ribbit.
Prince Ribbit is moderately wounded.
Prince Ribbit hits you!
* * * LOW HITPOINT WARNING * * *
You barely miss Prince Ribbit.
Prince Ribbit is moderately wounded.
Prince Ribbit hits you!
You die...

#....##.#...#...#
##....(......#.....##
#..........#####....##
#......###..8#8......##
#......# #####........#
#......# ##........##
#.....##
#..........#####
#....##
##...............
##..## #...@F.........#
#.## ##....†......####
#.########..#.........#
##.........####......##
##........# ####...#
##.......# #####
#.......##
#........######
##............###


You could see Prince Ribbit.

Vanquished Creatures
  An ice beast (D:4)
  A centaur (D:5)
  A howler monkey (D:5)
  A quasit (D:2)
  A jelly (D:5)
  2 gnoll shamans (D:4)
  An orc priest (D:4)
  A centaur skeleton (D:4)
  An iguana (D:4)
  Natasha (thrice) (D:3)
  2 worker ants
  An adder (D:4)
  8 gnolls
  2 oozes
  An adder skeleton (D:4)
  A worm (D:3)
  3 dart slugs
  3 leopard geckos (D:2)
  7 orcs
  9 bats
  7 giant cockroaches
  8 hobgoblins
  2 jackals (D:1)
  8 kobolds
  3 quokkas
  A ball python (D:5)
  A frilled lizard (D:3)
  5 goblins
  4 rats
89 creatures vanquished.

Notes
Turn   | Place    | Note
-------+----------+-------------------------------------------
     0 | D:1      | misha the Minotaur Fighter began the quest for the Orb.
     0 | D:1      | Reached XP level 1. HP: 19/19 MP: 0/0
   197 | D:1      | Reached XP level 2. HP: 27/27 MP: 1/1
  1056 | D:2      | Found a snail-covered altar of Cheibriados.
  1088 | D:2      | Found an ancient bone altar of Kikubaaqudgha.
  1213 | D:2      | HP: 1/27 [quasit (3)]
  1215 | D:2      | Reached XP level 3. HP: 2/33 MP: 2/2
  1928 | D:2      | Reached XP level 4. HP: 40/40 MP: 3/3
  2314 | D:3      | You fall through a shaft!
  2378 | D:4      | HP: 2/41 [gnoll/+4 vampiric spear (7)]
  2382 | D:4      | Reached XP level 5. HP: 5/47 MP: 4/4
  2782 | D:3      | Found a basalt altar of Yredelemnul.
  2790 | D:3      | Noticed Natasha
  2794 | D:3      | Killed Natasha
  2794 | D:3      | Reached skill level 5 in Shields
  2933 | D:3      | Reached skill level 5 in Maces & Flails
  2995 | D:3      | Noticed Natasha
  3003 | D:3      | Killed Natasha
  3324 | D:3      | Noticed Natasha
  3337 | D:3      | Killed Natasha
  3665 | D:4      | Reached XP level 6. HP: 53/53 MP: 5/5
  3736 | D:4      | Noticed an ice beast
  3745 | D:4      | Killed an ice beast
  3745 | D:4      | Reached skill level 5 in Fighting
  4229 | D:4      | Found a hide-covered altar of Uskayaw.
  4230 | D:4      | Noticed a +0 hand axe
  4231 | D:4      | Noticed a +0 hand axe
  4233 | D:4      | Reached XP level 7. HP: 61/61 MP: 6/6
  4317 | D:4      | Became a worshipper of Uskayaw the Reveler
  4374 | D:5      | Entered Level 5 of the Dungeon
  4375 | D:5      | Found a shimmering altar of Xom.
  4404 | D:5      | Found a shimmering altar of Xom.
  4407 | D:5      | Found a shimmering altar of Xom.
  4407 | D:5      | Found a shimmering altar of Xom.
  4408 | D:5      | Found a shimmering altar of Xom.
  4409 | D:5      | Found a shimmering altar of Xom.
  4411 | D:5      | Found a shimmering altar of Xom.
  4424 | D:5      | Reached * piety under Uskayaw
  4425 | D:5      | Reached ** piety under Uskayaw
  4523 | D:5      | Found a shattered altar of Ashenzari.
  4602 | D:5      | Found a stormy altar of Qazlal.
  4668 | D:5      | Found an opulent altar of Gozag.
  4670 | D:5      | Found a burning altar of Makhleb.
  4672 | D:5      | Found a deep blue altar of Sif Muna.
  4690 | D:5      | Found an ornate altar of the Wu Jian Council.
  4751 | D:5      | Noticed Prince Ribbit
  4768 | D:5      | Slain by Prince Ribbit

Skill      XL: |  1  2  3  4  5  6  7 |
---------------+----------------------+-----
Fighting       | 4 5 6 |  6.0
Shields        | 4 5 6 |  6.5
Maces & Flails | 3 4 5 6 |  6.9
Armour         | |  3.8
Dodging        | |  0.2

Action                   |  1- 3 |  4- 6 |  7- 9 || total
-------------------------+-------+-------+-------++-------
Melee: Flail             |    94 |   151 |    36 ||   281
       Headbutt          |    12 |    26 |     8 ||    46
 Abil: Evoke Berserk Rag |       |     1 |       ||     1
  Use: Potion            |     2 |     1 |       ||     3
       Scroll            |     6 |     3 |       ||     9
  Eat: Ration            |     1 |     1 |       ||     2
       Chunk             |       |     4 |     2 ||     6
Armor: Scale mail        |    67 |    54 |     7 ||   128
       Skin              |       |     1 |       ||     1
Dodge: Dodged            |    41 |    31 |     7 ||    79
Block: Shield            |    86 |    95 |    17 ||   198
